 Dungeon Crawl Stone Soup version 0.28.0-43-g3370ac3207 (webtiles) character file.

Game seed: 6794482078957507102

2186 pkoi the Destroyer (level 9, 0/76 HPs)
             Began as an Octopode Conjurer on Mar 17, 2022.
             Was an Initiate of Sif Muna.
             Slain by an orc
             ... wielding a +0 club
              (2 damage)
             ... on level 7 of the Dungeon.
             The game lasted 00:13:18 (10934 turns).

pkoi the Destroyer (Octopode Conjurer)             Turns: 10934, Time: 00:13:19

Health: 0/76       AC:  1    Str:  6    XL:     9   Next: 33%
Magic:  1/12       EV: 13    Int: 31    God:    Sif Muna [......]
Gold:   390        SH:  0    Dex: 13    Spells: 3/13 levels left

rFire   . . .      SeeInvis .   u - +7 quarterstaff of the Many Souls {elec, +Blink Dex+3}
rCold   . . .      Faith    .   (shield currently unavailable)
rNeg    . . .      Spirit   .   (helmet restricted)
rPois   +          Reflect  .   (no amulet)
rElec   .          Harm     .   e - ring of poison resistance
rCorr   .          Rampage  .   f - +4 ring of slaying
Will    .....                   r - +6 ring of intelligence
Stlth   ..........              (no ring)
HPRegen 0.22/turn               (no ring)
MPRegen 0.13/turn               (no ring)
                                (no ring)
                                (no ring)

@: berserking, very quick
A: almost no armour, amphibious, 8 rings, camouflage 1, gelatinous body 1,
(nimble swimmer 1), tentacles
a: Renounce Religion, Evoke Blink


You were on level 7 of the Dungeon.
You worshipped Sif Muna.
Sif Muna was noncommittal.
You visited 2 branches of the dungeon, and saw 8 of its levels.

You collected 390 gold pieces.

Inventory:

Hand Weapons
 b - a +0 vorpal mace
 g - a +3 whip of flaming
 u - the +7 quarterstaff of the Many Souls (weapon) {elec, +Blink Dex+3}
   (You found it on level 5 of the Dungeon)

   It occasionally discharges a powerful burst of electricity upon striking a
   foe.
   Dex:       It affects your dexterity (+3).
   +Blink:    It lets you blink.
Missiles
 c - a throwing net
 i - 6 javelins
 j - 3 poisoned darts
 l - 6 atropa-tipped darts
Jewellery
 e - a ring of poison resistance (left tentacle)
 f - a +4 ring of slaying (right tentacle)
 r - a +6 ring of intelligence (on tentacle)
Wands
 a - a wand of digging (3)
 d - a wand of flame (12)
 n - a wand of charming (6)
 q - a wand of iceblast (8)
 v - a wand of mindburst (12)
Scrolls
 m - 2 scrolls of teleportation
 s - a scroll of amnesia
Potions
 h - 2 potions of haste
 k - a potion of ambrosia {unknown}
 o - a potion of berserk rage
 p - a potion of magic
 t - a potion of heal wounds
 x - a potion of might
 z - a potion of curing


   Skills:
 - Level 2.0 Dodging
 - Level 2.6 Stealth
 + Level 2.5 Spellcasting
 - Level 9.0 Conjurations
 + Level 5.3 Hexes
 - Level 6.8 Translocations


You had 3 spell levels left.
You knew the following spells:

 Your Spells              Type           Power      Damage    Failure   Level
a - Magic Dart            Conj           100%       1d8       1%          1
b - Searing Ray           Conj           100%       2d8       1%          2
c - Iskenderun's Mystic   Conj/Tloc      52%        2d11      2%          4
d - Dazzling Flash        Conj/Hex       96%        N/A       1%          3

Your spell library contained the following spells:

 Spells                   Type           Power      Damage    Failure   Level
 Portal Projectile        Hex/Tloc       82%        N/A       1%          3
 Ozocubu's Armour         Ice            3%         N/A       22%         3
 Fulminant Prism          Conj/Hex       24%        3d13      3%          4
 Starburst                Conj/Fire      15%        6d6       86%         6
 Blade Hands              Tmut           1%         N/A       89%         5
 Excruciating Wounds      Necr           1%         N/A       89%         5
 Ozocubu's Refrigeration  Ice            1%         4d5       100%        7


Dungeon Overview and Level Annotations

Branches:
Dungeon (7/15)             Temple (1/1) D:6

Altars:
Ashenzari
Cheibriados
Dithmenos
Elyvilon
Fedhas
Gozag
Hepliaklqana
Makhleb
Nemelex Xobeh
Okawaru
Qazlal
Ru
Sif Muna
Trog
Uskayaw
Vehumet
Wu Jian
Xom
Yredelemnul
Zin
The Shining One

Portals:
Abyss: D:4

Annotations:
D:4 2 transporters, Jingleheimer's ghost, amateur DrTm


Innate Abilities, Weirdness & Mutations

You cannot wear most types of armour.
You are amphibious.
You can wear up to eight rings at the same time.
Your skin changes colour to match your surroundings (Stealth+).
Your rubbery body absorbs attacks. (AC +1, EV +1)
((You are camouflaged when in or above water. (Stealth+)))
You have tentacles for arms and can constrict up to eight enemies at once.


Message History

You squeeze the orc warrior, but do no damage.
The orc warrior is almost dead.
The orc warrior hits you with a +1 war axe of electrocution!
You are electrocuted!!
* * * LOW HITPOINT WARNING * * *
You closely miss the orc warrior. You grab the orc warrior.
The orc warrior is almost dead.
You constrict the orc warrior. The orc misses you.
The orc warrior hits you with a +1 war axe of electrocution!
* * * LOW HITPOINT WARNING * * *
The orc hits you with a +0 short sword.
* * * LOW HITPOINT WARNING * * *
You hit the orc warrior but do no damage.
The orc warrior is almost dead.
You constrict the orc warrior. The orc hits you with a +0 club.
* * * LOW HITPOINT WARNING * * *
The orc warrior barely misses you. The orc hits you with a +0 short sword.
* * * LOW HITPOINT WARNING * * *
The orc closely misses you.
You thump the orc warrior!
You kill the orc warrior!
Sif Muna accepts your kill. The orc barely misses you.
The orc hits you with a +0 club.
* * * LOW HITPOINT WARNING * * *
Unknown command.
Casting: Searing Ray (safe; 1% risk of failure)
Confirm with . or Enter, or press ? or * to list all spells.
Okay, then.
Unknown command.
Okay, then.
A red film seems to cover your vision as you go berserk!
You feel yourself moving faster!
You feel mighty! The orc barely misses you. The orc misses you.
You closely miss the orc. You grab the orc. You squeeze the orc.
The orc is almost dead.
You constrict the orc, but do no damage.
The orc hits you with a +0 short sword.
* * * LOW HITPOINT WARNING * * *
The orc hits you with a +0 club.
You die...

..# ### ..# ..###
..#.. ..#.###.#
.. .# #.....###.
..# ..
#......#.###.#
...#.o@..#.....##
#..o)..#......#
.###.....#.....#
...#.###.#......#
#...o.###.....#
#......#.###.#...
.#....o#.....##
#......#......#
##.....#.....#.#


You could see 2 orcs.

Vanquished Creatures
  Grinder (D:4)
  Sigmund (D:6)
  A water moccasin (D:6)
  An ice beast (D:6)
  2 sky beasts
  An orc warrior (D:7)
  A hornet zombie (D:5)
  An ogre (D:6)
  A necrophage (D:4)
  A centaur (D:5)
  A kobold brigand (D:7)
  A scorpion (D:4)
  A howler monkey (D:4)
  3 hounds
  A jelly (D:6)
  5 orc priests
  A centaur skeleton (D:6)
  A bullfrog skeleton (D:5)
  2 gnoll shamans
  3 iguanas
  A scorpion zombie (D:5)
  An orc wizard (D:2)
  2 hound skeletons
  12 gnolls
  7 adders
  A white imp (D:6)
  5 worms
  3 dart slugs
  22 orcs
  6 endoplasms
  2 giant cockroaches
  9 goblins
  7 hobgoblins
  4 jackals
  17 kobolds
  5 quokkas
  7 ball pythons
  7 bats
  3 frilled lizards
  5 rats
156 creatures vanquished.

Notes
Turn   | Place    | Note
-------+----------+-------------------------------------------
     0 | D:1      | pkoi the Octopode Conjurer began the quest for the Orb.
     0 | D:1      | Reached XP level 1. HP: 11/11 MP: 3/3
   246 | D:1      | Reached XP level 2. HP: 11/17 MP: 0/5
  1074 | D:2      | Found a faded altar of an unknown god.
  1515 | D:2      | Reached skill level 5 in Conjurations
  1515 | D:2      | Reached XP level 3. HP: 21/21 MP: 1/6
  1829 | D:2      | Found a snail-covered altar of Cheibriados.
  2923 | D:3      | Reached XP level 4. HP: 27/27 MP: 1/7
  3700 | D:1      | Learned a level 2 spell: Searing Ray
  3705 | D:1      | Learned a level 4 spell: Iskenderun's Mystic Blast
  3980 | D:3      | Reached skill level 1 in Translocations
  4177 | D:3      | Noticed a sky beast
  4231 | D:2      | Killed a sky beast
  4232 | D:2      | Reached skill level 6 in Conjurations
  4232 | D:2      | Reached XP level 5. HP: 14/31 MP: 3/8
  4523 | D:3      | Reached XP level 6. HP: 36/36 MP: 4/9
  5300 | D:4      | Noticed a necrophage
  5305 | D:4      | Killed a necrophage
  5454 | D:4      | Found a one-way gate to the infinite horrors of the Abyss.
  5454 | D:4      | Noticed Jingleheimer's ghost (amateur DrTm)
  5592 | D:4      | Found a transporter.
  5600 | D:4      | Found a transporter.
  5802 | D:4      | Noticed a black bear
  5923 | D:5      | Entered Level 5 of the Dungeon
  6447 | D:5      | Reached skill level 7 in Conjurations
  6447 | D:5      | Reached XP level 7. HP: 34/41 MP: 5/10
  7094 | D:5      | Learned a level 3 spell: Dazzling Flash
  7274 | D:5      | Reached skill level 1 in Hexes
  7463 | D:4      | Noticed Grinder
  7649 | D:5      | Identified the +7 quarterstaff of the Many Souls {elec,
                  | +Blink Dex+3}
  7948 | D:5      | Reached skill level 5 in Translocations
  7948 | D:5      | Reached XP level 8. HP: 46/46 MP: 4/11
  8237 | D:4      | Paralysed by Grinder for 3 turns
  8242 | D:4      | Killed Grinder
  8322 | D:4      | Reached skill level 8 in Conjurations
  9588 | D:6      | Reached XP level 9. HP: 42/51 MP: 9/12
 10164 | D:6      | Found a staircase to the Ecumenical Temple.
 10176 | Temple   | Entered the Ecumenical Temple
 10199 | Temple   | Became a worshipper of Sif Muna the Loreminder
 10530 | D:6      | Noticed Sigmund
 10534 | D:6      | Killed Sigmund
 10545 | D:6      | Reached skill level 9 in Conjurations
 10545 | D:6      | Reached skill level 5 in Hexes
 10934 | D:7      | HP: 2/76 [orc/+0 short sword (3)]
 10934 | D:7      | Slain by an orc

Illustrated notes

Levels and vault maps discovered:
D:1:      wander_arrival_fairy_ring, layout_rooms
D:2:      layout_basic, basic_altar, chequers_ecumenical_altar_simple_redux
D:3:      kennysheep_the_goblin_king, layout_basic, minmay_goblin_kobold_house
D:4:      minmay_opposing_rooms, layout_loops_cross,
          gammafunk_ghost_abyssal_escape, uniq_grinder
D:5:      layout_basic, gup_sewer_entry_spiral
D:6:      layout_basic, minmay_temple_entry_junction, lightli_orcish_oven,
          uniq_sigmund
D:7:      nicolae_BIG_FREAKIN_CUBE, layout_basic
Temple:   mainiacjoe_temple_circle_huts

Skill      XL: |  1  2  3  4  5  6  7  8  9 |
---------------+----------------------------+-----
Conjurations   | 5 6 7 8 9 |  9.0
Translocations | 2 3 5 6 |  6.8
Hexes          | 2 4 5 |  5.3
Dodging        | |  2.0
Stealth        | |  2.6
Spellcasting   | |  2.5

Action                   |  1- 3 |  4- 6 |  7- 9 || total
-------------------------+-------+-------+-------++-------
Melee: Unarmed           |     5 |       |       ||     5
       Mace              |     7 |       |       ||     7
       Constrict         |     3 |     1 |    13 ||    17
       Tentacles         |     2 |     2 |     9 ||    13
       Punch             |     1 |       |       ||     1
       Whip              |       |    15 |    14 ||    29
       Quarterstaff      |       |       |    40 ||    40
Throw: Dart              |       |     3 |       ||     3
 Cast: Magic Dart        |    76 |    65 |   106 ||   247
       Searing Ray       |       |     8 |    18 ||    26
       Iskenderun's Myst |       |     1 |       ||     1
  Use: Scroll            |     2 |     2 |    11 ||    15
       Potion            |       |       |     1 ||     1
 Stab: Sleeping          |       |     1 |     5 ||     6
Armor: Skin              |     2 |     7 |     4 ||    13
Dodge: Dodged            |    17 |    30 |    54 ||   101
